[ AOE2 MATCH · #483083370 ]
UnrankedSpanish vs Poles
[ REPLAY ANALYSIS · EXTRACTED FROM THE RECORDED GAME ]
Feudal
14:39
Castle
19:26
Imperial
33:52
| APM avg | 33.3 |
| APM peak | 72 |
| eAPM avg | 11.4 |
| Villagers / military | 144 / 117 |
Focus
⚔️ 24.2% · 🌾 75.8%
Scout Cavalry ×71 · Conquistador ×40 · Trade Cart ×15 · Fishing Ship ×14 · Spearman ×2 · Missionary ×2
Feudal
12:20
Castle
23:19
Imperial
30:15
| APM avg | 18.5 |
| APM peak | 52 |
| eAPM avg | 12.5 |
| Villagers / military | 153 / 230 |
Focus
⚔️ 28.6% · 🌾 71.4%
Knight ×195 · Scout Cavalry ×30 · Trebuchet (Packed) ×5
Feudal
15:29
Castle
22:45
Imperial
38:26
| APM avg | 16.0 |
| APM peak | 42 |
| eAPM avg | 12.3 |
| Villagers / military | 142 / 77 |
Focus
⚔️ 25.5% · 🌾 74.5%
Teutonic Knight ×53 · Battering Ram ×14 · Trade Cart ×13 · Mangonel ×8 · Trebuchet (Packed) ×2
Feudal
12:35
Castle
26:31
Imperial
39:11
| APM avg | 25.7 |
| APM peak | 57 |
| eAPM avg | 19.4 |
| Villagers / military | 213 / 91 |
Focus
⚔️ 26.0% · 🌾 74.0%
Spearman ×82 · Hussite Wagon ×9
Feudal
12:28
Castle
19:26
Imperial
31:21
| APM avg | 24.1 |
| APM peak | 54 |
| eAPM avg | 15.1 |
| Villagers / military | 118 / 240 |
Focus
⚔️ 32.1% · 🌾 67.9%
Huskarl ×240 · Fishing Ship ×5
Feudal
13:36
Castle
20:17
Imperial
38:00
| APM avg | 19.4 |
| APM peak | 73 |
| eAPM avg | 16.6 |
| Villagers / military | 140 / 141 |
Focus
⚔️ 37.3% · 🌾 62.7%
Militia ×122 · Archer ×18 · Spearman ×1
Feudal
12:19
Castle
25:04
Imperial
—
| APM avg | 11.8 |
| APM peak | 44 |
| eAPM avg | 6.9 |
| Villagers / military | 71 / 46 |
Focus
⚔️ 22.1% · 🌾 77.9%
Spearman ×23 · Cavalry Archer ×13 · Archer ×6 · Knight ×2 · Skirmisher ×2 · Trade Cart ×2
Feudal
12:36
Castle
23:43
Imperial
33:20
| APM avg | 20.5 |
| APM peak | 48 |
| eAPM avg | 9.5 |
| Villagers / military | 77 / 128 |
Focus
⚔️ 30.8% · 🌾 69.2%
Skirmisher ×85 · Mangudai ×33 · Spearman ×5 · Fishing Ship ×5 · Trebuchet (Packed) ×4 · Demolition Raft ×1
Match map
Initial resources + every placement click. Lines = walls · curves = elevation contours. ◆ gold · ⬟ stone · ● berries · ✦ relic · ◌ wall gap
Your base· Open — unwalled flank
wqq1997's base· ✓ Closed at 23:19 · 142t walls · 2 gate(s)
szczuply23's base· Open — unwalled flank
Anipazronkin's base· Open — unwalled flank
Sherpder's base· Open — unwalled flank
Ak.c0lt's base· Open — unwalled flank
fabipers's base· Open — 4t gap
White's base· Open — unwalled flank
Smoothed initial terrain · ◌ = detected wall gap · hover for details
Inputs per minute
— The Outpost Man - - wqq1997
Build order — The Outpost Man
First 150 of 258 actions detected
| 0:02 | Create | Villager (Male) ×4 |
| 0:02 | Create | Villager (Male) ×4 |
| 0:04 | Build | House |
| 0:05 | Build | House |
| 0:10 | Research | Loom |
| 0:10 | Create | Villager (Male) ×4 |
| 1:37 | Create | Villager (Male) |
| 1:37 | Create | Villager (Male) |
| 2:33 | Create | Villager (Male) ×2 |
| 2:33 | Create | Villager (Male) ×2 |
| 3:20 | Create | Villager (Male) ×2 |
| 3:20 | Create | Villager (Male) ×2 |
| 3:43 | Build | House |
| 3:44 | Build | House |
| 4:03 | Create | Villager (Male) ×2 |
| 4:04 | Create | Villager (Male) ×2 |
| 5:05 | Build | House |
| 5:21 | Create | Villager (Male) |
| 5:21 | Create | Villager (Male) |
| 5:28 | Build | Lumber Camp |
| 5:35 | Build | House |
| 5:35 | Build | House |
| 5:36 | Build | House |
| 5:43 | Create | Villager (Male) ×4 |
| 7:13 | Build | Mill |
| 7:50 | Create | Villager (Male) ×5 |
| 8:32 | Build | Dock |
| 8:34 | Build | Dock |
| 9:01 | Build | Dock |
| 9:07 | Create | Villager (Male) ×4 |
| 9:38 | Build | Mining Camp |
| 9:47 | Create | Villager (Male) |
| 10:28 | Create | Fishing Ship |
| 10:39 | Create | Fishing Ship |
| 10:54 | Create | Villager (Male) |
| 10:56 | Create | Villager (Male) |
| 11:23 | Build | Mining Camp |
| 11:44 | Create | Fishing Ship ×3 |
| 11:44 | Create | Fishing Ship ×3 |
| 12:29 | Research | Feudal Age |
| 12:29 | Research | Feudal Age |
| 12:36 | Build | Barracks |
| 12:53 | Create | Fishing Ship |
| 12:54 | Create | Fishing Ship |
| 13:29 | Create | Fishing Ship |
| 13:31 | Create | Villager (Male) ×5 |
| 13:31 | Create | Villager (Male) ×5 |
| 14:39 | Age | Feudal Age |
| 14:43 | Build | Market |
| 14:59 | Build | Blacksmith |
| 15:42 | Create | Spearman |
| 15:42 | Create | Spearman |
| 15:47 | Research | Double-Bit Axe |
| 16:13 | Build | Lumber Camp |
| 16:46 | Research | Castle Age |
| 16:46 | Research | Castle Age |
| 18:23 | Research | Gold Mining |
| 19:26 | Age | Castle Age |
| 19:30 | Build | Fish Trap |
| 19:31 | Build | Fish Trap |
| 19:33 | Build | Fish Trap |
| 19:35 | Build | Fish Trap |
| 19:36 | Build | Fish Trap |
| 19:38 | Build | Fish Trap |
| 19:39 | Build | Fish Trap |
| 19:41 | Build | Fish Trap |
| 19:52 | Research | Wheelbarrow |
| 19:54 | Research | Horse Collar |
| 20:08 | Build | Town Center |
| 20:21 | Build | Town Center |
| 20:43 | Build | Town Center |
| 20:52 | Research | Heavy Plow |
| 21:33 | Research | Tech 906 |
| 21:34 | Create | Fishing Ship ×2 |
| 21:39 | Create | Fishing Ship |
| 21:51 | Build | Castle |
| 22:16 | Build | Stone Wall |
| 22:21 | Build | Gate |
| 22:42 | Build | Fish Trap |
| 22:45 | Create | Villager (Male) ×4 |
| 22:54 | Build | Farm |
| 22:55 | Build | Farm |
| 22:56 | Build | Farm |
| 22:57 | Build | Farm |
| 22:59 | Build | Farm |
| 23:00 | Build | Farm |
| 23:01 | Build | Farm |
| 23:22 | Create | Villager (Male) |
| 23:48 | Build | Stone Wall |
| 23:53 | Build | Gate |
| 24:27 | Create | Villager (Male) ×5 |
| 24:28 | Create | Villager (Male) |
| 24:28 | Create | Villager (Male) |
| 24:40 | Build | Town Center |
| 24:45 | Create | Villager (Male) |
| 24:53 | Research | Bow Saw |
| 24:55 | Create | Conquistador |
| 24:55 | Create | Conquistador |
| 25:06 | Create | Conquistador |
| 25:11 | Create | Conquistador |
| 25:12 | Create | Conquistador |
| 25:21 | Build | Mill |
| 25:26 | Create | Villager (Male) ×2 |
| 25:27 | Create | Villager (Male) ×2 |
| 26:26 | Create | Villager (Male) ×5 |
| 26:26 | Create | Villager (Male) |
| 26:27 | Create | Villager (Male) |
| 26:48 | Create | Conquistador |
| 26:48 | Create | Conquistador |
| 26:50 | Create | Villager (Male) |
| 26:51 | Create | Villager (Male) |
| 26:53 | Create | Villager (Male) |
| 26:53 | Create | Villager (Male) |
| 27:25 | Build | Farm |
| 27:26 | Build | Farm |
| 27:29 | Build | Farm |
| 27:29 | Build | Farm |
| 27:31 | Build | Farm |
| 27:32 | Build | Farm |
| 27:33 | Build | Farm |
| 27:35 | Build | Farm |
| 27:36 | Build | Farm |
| 27:37 | Build | Farm |
| 27:39 | Build | Farm |
| 27:41 | Build | Mill |
| 27:48 | Build | Castle |
| 27:53 | Create | Villager (Male) ×5 |
| 27:55 | Create | Villager (Male) ×3 |
| 27:56 | Create | Villager (Male) |
| 27:56 | Create | Villager (Male) |
| 29:19 | Build | Farm |
| 29:40 | Build | Farm |
| 29:42 | Build | Farm |
| 29:42 | Build | Farm |
| 29:43 | Build | Farm |
| 29:48 | Research | Hand Cart |
| 30:18 | Build | Farm |
| 30:24 | Build | Town Center |
| 30:26 | Build | Farm |
| 30:27 | Build | Farm |
| 30:28 | Build | Farm |
| 30:35 | Build | House |
| 30:35 | Build | House |
| 30:36 | Build | House |
| 30:37 | Build | House |
| 30:38 | Build | House |
| 30:39 | Build | House |
| 30:40 | Build | House |
| 30:42 | Research | Imperial Age |
| 30:53 | Build | House |
Build order — wqq1997
First 150 of 304 actions detected
| 0:11 | Build | House |
| 0:27 | Build | House |
| 0:28 | Build | House |
| 0:45 | Create | Villager (Male) |
| 0:45 | Create | Villager (Male) |
| 0:45 | Create | Villager (Male) |
| 0:45 | Create | Villager (Male) |
| 1:56 | Build | Mill |
| 2:01 | Create | Villager (Male) |
| 2:01 | Create | Villager (Male) |
| 2:51 | Research | Loom |
| 3:02 | Create | Villager (Male) |
| 3:30 | Create | Villager (Male) |
| 4:06 | Create | Villager (Male) |
| 4:34 | Build | Mill |
| 5:04 | Create | Villager (Male) |
| 5:23 | Create | Villager (Male) |
| 5:46 | Build | Lumber Camp |
| 5:49 | Create | Villager (Male) |
| 6:19 | Create | Villager (Male) |
| 6:44 | Create | Villager (Male) |
| 7:01 | Create | Villager (Male) |
| 7:33 | Create | Villager (Male) |
| 7:43 | Build | Palisade Wall |
| 7:47 | Build | Palisade Wall |
| 7:57 | Build | Palisade Wall |
| 7:59 | Build | Palisade Wall |
| 8:16 | Build | Palisade Wall |
| 8:20 | Create | Villager (Male) ×5 |
| 8:44 | Build | Palisade Wall |
| 9:18 | Build | Palisade Wall |
| 9:23 | Build | Palisade Wall |
| 9:27 | Create | Villager (Male) |
| 10:10 | Research | Feudal Age |
| 11:36 | Create | Villager (Male) |
| 11:36 | Create | Villager (Male) |
| 12:20 | Age | Feudal Age |
| 12:23 | Research | Horse Collar |
| 12:26 | Research | Double-Bit Axe |
| 12:55 | Build | Mining Camp |
| 13:04 | Build | Farm |
| 13:29 | Create | Villager (Male) |
| 13:29 | Create | Villager (Male) |
| 13:29 | Create | Villager (Male) |
| 13:30 | Create | Villager (Male) |
| 13:38 | Build | Farm |
| 14:05 | Build | Palisade Wall |
| 14:14 | Build | Stone Wall |
| 14:24 | Build | Stone Wall |
| 14:25 | Build | Stone Wall |
| 14:32 | Build | Stone Wall |
| 14:50 | Create | Villager (Male) |
| 14:50 | Create | Villager (Male) |
| 15:07 | Build | House |
| 15:08 | Build | House |
| 15:09 | Build | House |
| 15:09 | Build | House |
| 15:09 | Build | House |
| 15:09 | Build | House |
| 15:10 | Build | House |
| 15:10 | Build | House |
| 15:31 | Build | Farm |
| 15:33 | Build | Farm |
| 15:34 | Build | Farm |
| 15:35 | Build | Farm |
| 15:40 | Build | Farm |
| 15:48 | Build | Farm |
| 15:51 | Create | Villager (Male) |
| 15:52 | Create | Villager (Male) |
| 16:12 | Build | Mining Camp |
| 16:45 | Build | Stone Wall |
| 17:05 | Build | Stone Wall |
| 17:11 | Create | Villager (Male) ×5 |
| 17:20 | Build | Farm |
| 17:21 | Build | Farm |
| 17:22 | Build | Farm |
| 17:28 | Research | Stone Mining |
| 17:48 | Build | Stone Wall |
| 18:10 | Build | Market |
| 18:33 | Build | Blacksmith |
| 19:09 | Create | Villager (Male) |
| 19:10 | Create | Villager (Male) |
| 19:54 | Build | Farm |
| 19:55 | Build | Farm |
| 20:00 | Build | Mill |
| 20:03 | Build | Farm |
| 20:04 | Build | Farm |
| 20:05 | Build | Farm |
| 20:08 | Build | Farm |
| 20:20 | Build | Farm |
| 20:39 | Research | Castle Age |
| 20:55 | Build | Farm |
| 21:15 | Create | Villager (Male) |
| 21:15 | Create | Villager (Male) |
| 21:48 | Build | Stone Wall |
| 22:29 | Build | Gate |
| 22:35 | Research | Wheelbarrow |
| 23:15 | Build | Palisade Gate |
| 23:19 | Age | Castle Age |
| 23:21 | Research | Stone Shaft Mining |
| 23:36 | Build | Town Center |
| 23:39 | Research | Bow Saw |
| 24:06 | Build | Stone Wall |
| 24:29 | Create | Villager (Male) ×5 |
| 25:13 | Build | University |
| 25:36 | Create | Villager (Male) ×5 |
| 25:36 | Create | Villager (Male) ×5 |
| 26:00 | Create | Villager (Male) |
| 26:00 | Create | Villager (Male) |
| 26:14 | Build | Monastery |
| 26:35 | Build | Castle |
| 27:02 | Research | Imperial Age |
| 27:09 | Create | Villager (Male) ×4 |
| 27:09 | Create | Villager (Male) ×4 |
| 27:52 | Research | Hand Cart |
| 27:53 | Create | Villager (Male) |
| 27:53 | Create | Villager (Male) |
| 28:18 | Research | Heavy Plow |
| 28:28 | Build | Farm |
| 29:02 | Build | Town Center |
| 29:21 | Research | Gold Mining |
| 29:24 | Create | Villager (Male) ×5 |
| 29:24 | Create | Villager (Male) ×5 |
| 29:54 | Build | Farm |
| 30:00 | Build | Farm |
| 30:12 | Build | Barracks |
| 30:15 | Age | Imperial Age |
| 30:22 | Build | House |
| 30:22 | Build | House |
| 30:22 | Build | House |
| 30:23 | Build | House |
| 30:23 | Build | House |
| 30:23 | Build | House |
| 30:23 | Build | House |
| 30:24 | Build | House |
| 30:24 | Build | House |
| 30:24 | Build | House |
| 30:29 | Build | House |
| 30:33 | Create | Villager (Male) ×5 |
| 30:33 | Create | Villager (Male) ×5 |
| 31:11 | Build | Stable |
| 31:16 | Build | Stable |
| 31:17 | Build | Stable |
| 31:49 | Build | Stone Wall |
| 31:53 | Build | Stone Wall |
| 31:57 | Build | Stone Wall |
| 32:04 | Build | Gate |
| 32:24 | Create | Villager (Male) ×5 |
| 32:37 | Build | Mill |
| 32:40 | Build | Farm |
Build order — szczuply23
First 150 of 295 actions detected
| 0:02 | Build | House |
| 0:04 | Build | House |
| 0:07 | Create | Villager (Male) |
| 0:07 | Create | Villager (Male) |
| 0:07 | Research | Loom |
| 0:08 | Create | Villager (Male) ×2 |
| 1:52 | Create | Villager (Male) |
| 1:52 | Create | Villager (Male) |
| 2:26 | Build | Lumber Camp |
| 2:48 | Create | Villager (Male) |
| 3:20 | Create | Villager (Male) |
| 3:45 | Build | House |
| 4:01 | Create | Villager (Male) |
| 4:01 | Create | Villager (Male) |
| 4:36 | Create | Villager (Male) |
| 4:36 | Create | Villager (Male) |
| 5:03 | Create | Villager (Male) |
| 5:11 | Build | Mill |
| 5:36 | Create | Villager (Male) |
| 5:55 | Create | Villager (Male) |
| 6:18 | Create | Villager (Male) |
| 6:42 | Create | Villager (Male) |
| 6:42 | Create | Villager (Male) |
| 6:49 | Build | Farm |
| 6:57 | Build | Farm |
| 7:01 | Build | Farm |
| 7:04 | Build | Farm |
| 7:32 | Build | Farm |
| 7:34 | Build | Farm |
| 7:38 | Create | Villager (Male) |
| 7:38 | Create | Villager (Male) |
| 8:35 | Create | Villager (Male) ×3 |
| 8:40 | Build | House |
| 9:22 | Create | Villager (Male) |
| 9:22 | Create | Villager (Male) |
| 9:36 | Build | House |
| 9:40 | Build | Farm |
| 9:58 | Create | Villager (Male) |
| 9:58 | Create | Villager (Male) |
| 9:59 | Create | Villager (Male) |
| 10:03 | Build | Farm |
| 10:34 | Build | Farm |
| 10:36 | Create | Villager (Male) |
| 10:37 | Create | Villager (Male) |
| 10:37 | Create | Villager (Male) |
| 11:20 | Build | Farm |
| 13:18 | Research | Feudal Age |
| 13:23 | Build | House |
| 13:27 | Build | Farm |
| 14:21 | Create | Villager (Male) ×5 |
| 14:21 | Create | Villager (Male) ×4 |
| 14:21 | Create | Villager (Male) ×4 |
| 15:29 | Age | Feudal Age |
| 15:35 | Research | Double-Bit Axe |
| 15:40 | Research | Horse Collar |
| 15:47 | Create | Villager (Male) |
| 15:59 | Build | Mining Camp |
| 16:39 | Build | House |
| 16:51 | Create | Villager (Male) |
| 16:51 | Create | Villager (Male) |
| 17:15 | Build | Mining Camp |
| 17:41 | Build | Blacksmith |
| 18:14 | Build | Farm |
| 18:36 | Build | Market |
| 18:39 | Build | Farm |
| 18:53 | Build | House |
| 19:27 | Research | Stone Mining |
| 20:01 | Research | Castle Age |
| 20:54 | Research | Gold Mining |
| 20:58 | Create | Villager (Male) ×5 |
| 20:59 | Create | Villager (Male) ×5 |
| 20:59 | Create | Villager (Male) ×5 |
| 20:59 | Create | Villager (Male) ×4 |
| 22:28 | Build | Barracks |
| 22:45 | Age | Castle Age |
| 23:00 | Build | Town Center |
| 23:13 | Build | Farm |
| 23:55 | Create | Villager (Male) |
| 24:28 | Build | Siege Workshop |
| 24:48 | Create | Villager (Male) ×5 |
| 24:48 | Create | Villager (Male) ×5 |
| 24:49 | Create | Villager (Male) ×5 |
| 25:14 | Build | Farm |
| 25:16 | Build | Farm |
| 25:51 | Build | House |
| 25:51 | Build | House |
| 25:51 | Build | House |
| 25:52 | Build | House |
| 25:53 | Build | House |
| 25:53 | Build | House |
| 26:09 | Build | Castle |
| 26:15 | Build | Farm |
| 26:20 | Create | Villager (Male) |
| 26:20 | Create | Villager (Male) |
| 26:24 | Create | Villager (Male) |
| 26:24 | Create | Villager (Male) |
| 26:25 | Create | Villager (Male) |
| 26:46 | Research | Stone Shaft Mining |
| 26:50 | Build | Farm |
| 26:52 | Research | Heavy Plow |
| 26:56 | Build | Farm |
| 26:59 | Create | Villager (Male) |
| 26:59 | Create | Villager (Male) |
| 27:02 | Create | Villager (Male) |
| 27:02 | Create | Villager (Male) |
| 27:03 | Create | Villager (Male) |
| 27:03 | Create | Villager (Male) |
| 27:03 | Create | Villager (Male) |
| 27:04 | Create | Villager (Male) |
| 27:23 | Build | Town Center |
| 27:31 | Build | House |
| 27:31 | Build | House |
| 27:32 | Build | House |
| 27:32 | Build | House |
| 27:32 | Build | House |
| 28:24 | Create | Mangonel |
| 28:59 | Create | Teutonic Knight |
| 28:59 | Create | Teutonic Knight |
| 29:17 | Build | Farm |
| 29:44 | Create | Villager (Male) |
| 29:45 | Create | Villager (Male) |
| 29:52 | Create | Villager (Male) |
| 29:55 | Create | Villager (Male) |
| 29:55 | Create | Villager (Male) |
| 29:55 | Create | Villager (Male) |
| 29:59 | Create | Villager (Male) ×5 |
| 29:59 | Create | Villager (Male) ×5 |
| 30:19 | Build | Farm |
| 30:30 | Build | Farm |
| 30:49 | Research | Fletching |
| 31:09 | Build | Farm |
| 31:15 | Create | Villager (Male) |
| 31:15 | Create | Villager (Male) |
| 31:15 | Create | Villager (Male) |
| 31:20 | Build | Lumber Camp |
| 31:38 | Build | Farm |
| 31:39 | Build | Farm |
| 31:56 | Build | Farm |
| 32:04 | Create | Teutonic Knight |
| 32:04 | Create | Teutonic Knight |
| 32:10 | Create | Villager (Male) |
| 32:11 | Create | Villager (Male) |
| 32:11 | Create | Villager (Male) |
| 32:11 | Create | Villager (Male) |
| 32:12 | Create | Villager (Male) |
| 32:12 | Create | Villager (Male) |
| 32:16 | Create | Villager (Male) |
| 32:16 | Research | Town Watch |
| 32:29 | Build | University |
| 32:32 | Build | Farm |
Build order — Anipazronkin
First 150 of 480 actions detected
| 0:04 | Create | Villager (Male) ×4 |
| 0:04 | Research | Loom |
| 0:06 | Build | House |
| 0:07 | Build | House |
| 1:46 | Create | Villager (Male) |
| 1:48 | Research | Loom |
| 2:18 | Create | Villager (Male) |
| 2:20 | Research | Loom |
| 2:28 | Create | Villager (Male) |
| 2:30 | Research | Loom |
| 3:01 | Create | Villager (Male) |
| 3:02 | Research | Loom |
| 3:09 | Build | House |
| 3:25 | Create | Villager (Male) |
| 3:31 | Build | House |
| 3:38 | Research | Loom |
| 3:51 | Build | House |
| 3:52 | Build | House |
| 4:04 | Create | Villager (Male) |
| 4:06 | Create | Villager (Male) |
| 4:07 | Research | Loom |
| 4:36 | Build | House |
| 4:38 | Build | House |
| 4:39 | Build | House |
| 4:40 | Build | House |
| 4:46 | Create | Villager (Male) |
| 4:46 | Create | Villager (Male) |
| 4:48 | Research | Loom |
| 5:11 | Build | Mill |
| 5:16 | Create | Villager (Male) |
| 5:18 | Research | Loom |
| 6:03 | Create | Villager (Male) |
| 6:04 | Research | Loom |
| 6:17 | Create | Villager (Male) |
| 6:18 | Research | Loom |
| 6:25 | Build | Mill |
| 7:05 | Create | Villager (Male) |
| 7:07 | Create | Villager (Male) |
| 7:07 | Create | Villager (Male) |
| 7:07 | Create | Villager (Male) |
| 7:41 | Create | Villager (Male) |
| 7:46 | Create | Villager (Male) |
| 8:29 | Create | Villager (Male) |
| 8:30 | Create | Villager (Male) |
| 8:30 | Create | Villager (Male) |
| 8:30 | Create | Villager (Male) |
| 9:00 | Create | Villager (Male) |
| 9:01 | Create | Villager (Male) |
| 9:01 | Create | Villager (Male) |
| 9:21 | Create | Villager (Male) |
| 9:21 | Create | Villager (Male) |
| 9:21 | Create | Villager (Male) |
| 9:25 | Build | Lumber Camp |
| 10:01 | Create | Villager (Male) |
| 10:01 | Create | Villager (Male) |
| 10:01 | Create | Villager (Male) |
| 10:05 | Research | Feudal Age |
| 10:05 | Create | Villager (Male) |
| 10:23 | Create | Villager (Male) |
| 10:29 | Build | Mill |
| 10:40 | Create | Villager (Male) |
| 10:41 | Create | Villager (Male) |
| 10:41 | Create | Villager (Male) |
| 10:41 | Create | Villager (Male) |
| 11:09 | Create | Villager (Male) |
| 11:34 | Build | Lumber Camp |
| 12:23 | Build | House |
| 12:24 | Build | House |
| 12:25 | Build | House |
| 12:26 | Build | House |
| 12:27 | Build | House |
| 12:35 | Age | Feudal Age |
| 12:38 | Research | Wheelbarrow |
| 12:38 | Research | Town Watch |
| 12:44 | Research | Double-Bit Axe |
| 13:09 | Build | House |
| 13:10 | Build | House |
| 13:13 | Create | Villager (Male) |
| 13:13 | Create | Villager (Male) |
| 13:14 | Create | Villager (Male) |
| 13:14 | Create | Villager (Male) |
| 13:14 | Create | Villager (Male) |
| 13:14 | Create | Villager (Male) |
| 13:38 | Research | Horse Collar |
| 13:38 | Research | Horse Collar |
| 14:04 | Build | Blacksmith |
| 14:15 | Build | Mining Camp |
| 14:31 | Build | Farm |
| 14:32 | Build | Farm |
| 14:35 | Build | Farm |
| 14:42 | Build | Farm |
| 14:48 | Build | House |
| 14:52 | Build | Farm |
| 15:06 | Build | Farm |
| 15:24 | Create | Villager (Male) |
| 15:25 | Create | Villager (Male) |
| 15:29 | Build | Market |
| 16:00 | Build | Barracks |
| 16:26 | Create | Villager (Male) |
| 16:27 | Create | Villager (Male) |
| 16:27 | Create | Villager (Male) |
| 16:47 | Research | Scale Mail Armor |
| 16:47 | Research | Forging |
| 16:56 | Create | Villager (Male) |
| 17:09 | Build | Farm |
| 17:37 | Build | Farm |
| 17:38 | Build | Farm |
| 17:39 | Build | Farm |
| 17:40 | Build | Farm |
| 17:40 | Build | Farm |
| 17:41 | Build | Farm |
| 17:42 | Build | Farm |
| 17:43 | Build | Farm |
| 17:47 | Create | Villager (Male) |
| 17:47 | Create | Villager (Male) |
| 17:50 | Create | Spearman |
| 17:56 | Build | Farm |
| 17:59 | Build | Farm |
| 18:06 | Create | Spearman |
| 18:06 | Create | Spearman |
| 18:07 | Create | Spearman |
| 18:13 | Build | Farm |
| 18:14 | Build | Farm |
| 18:15 | Build | Farm |
| 18:16 | Build | Farm |
| 18:16 | Build | Farm |
| 18:18 | Build | Farm |
| 18:32 | Build | Farm |
| 18:33 | Build | Farm |
| 18:37 | Create | Spearman |
| 18:57 | Research | Arson |
| 18:58 | Create | Spearman |
| 18:58 | Create | Spearman |
| 18:58 | Create | Spearman |
| 19:00 | Create | Villager (Male) |
| 19:05 | Build | Farm |
| 19:05 | Build | Farm |
| 19:20 | Build | Lumber Camp |
| 19:26 | Research | Fletching |
| 19:30 | Create | Villager (Male) |
| 19:43 | Build | House |
| 19:44 | Build | House |
| 19:45 | Build | House |
| 19:46 | Build | House |
| 19:47 | Build | House |
| 19:47 | Build | House |
| 19:50 | Build | House |
| 19:50 | Build | House |
| 19:55 | Create | Villager (Male) |
| 19:56 | Create | Spearman |
Build order — Sherpder
First 150 of 349 actions detected
| 0:01 | Create | Villager (Male) |
| 0:01 | Create | Villager (Male) |
| 0:01 | Create | Villager (Male) |
| 0:02 | Create | Villager (Male) |
| 0:03 | Build | House |
| 0:05 | Build | House |
| 1:43 | Create | Villager (Male) |
| 2:28 | Build | Lumber Camp |
| 2:51 | Create | Villager (Male) |
| 2:51 | Create | Villager (Male) |
| 3:03 | Create | Villager (Male) |
| 4:16 | Create | Villager (Male) |
| 4:16 | Create | Villager (Male) |
| 4:52 | Build | Mill |
| 4:53 | Create | Villager (Male) |
| 4:58 | Build | House |
| 5:37 | Create | Villager (Male) |
| 5:56 | Create | Villager (Male) |
| 6:27 | Create | Villager (Male) |
| 6:27 | Create | Villager (Male) |
| 7:13 | Create | Villager (Male) |
| 7:27 | Build | House |
| 7:30 | Research | Loom |
| 7:32 | Create | Villager (Male) |
| 7:32 | Create | Villager (Male) |
| 8:09 | Create | Villager (Male) |
| 8:46 | Create | Villager (Male) |
| 9:01 | Create | Villager (Male) |
| 9:27 | Create | Villager (Male) |
| 10:00 | Build | House |
| 10:10 | Build | Farm |
| 10:18 | Research | Feudal Age |
| 10:25 | Build | Dock |
| 10:38 | Build | Mill |
| 10:50 | Build | Mining Camp |
| 11:08 | Build | House |
| 11:09 | Create | Fishing Ship |
| 11:10 | Create | Fishing Ship |
| 12:28 | Age | Feudal Age |
| 12:36 | Create | Villager (Male) |
| 12:37 | Create | Villager (Male) |
| 12:42 | Build | Barracks |
| 12:47 | Build | Blacksmith |
| 12:50 | Create | Villager (Male) |
| 13:06 | Build | House |
| 13:34 | Create | Villager (Male) |
| 13:48 | Create | Fishing Ship |
| 14:12 | Create | Villager (Male) |
| 14:29 | Create | Villager (Male) |
| 14:38 | Create | Fishing Ship |
| 14:41 | Build | House |
| 15:12 | Create | Villager (Male) |
| 15:14 | Create | Villager (Male) |
| 15:21 | Build | Market |
| 15:42 | Build | Farm |
| 15:43 | Build | Farm |
| 15:45 | Build | Farm |
| 15:56 | Create | Villager (Male) |
| 16:16 | Build | Palisade Wall |
| 16:36 | Create | Fishing Ship |
| 16:46 | Research | Castle Age |
| 16:49 | Build | Farm |
| 17:05 | Build | Mining Camp |
| 17:24 | Build | Lumber Camp |
| 18:06 | Build | Palisade Wall |
| 18:24 | Build | Palisade Wall |
| 18:32 | Build | Palisade Wall |
| 18:35 | Build | Palisade Wall |
| 18:57 | Build | House |
| 18:59 | Build | Palisade Wall |
| 19:10 | Create | Villager (Male) |
| 19:11 | Create | Villager (Male) |
| 19:26 | Age | Castle Age |
| 19:36 | Build | Town Center |
| 19:44 | Research | Double-Bit Axe |
| 20:07 | Research | Horse Collar |
| 20:14 | Create | Villager (Male) |
| 20:15 | Create | Villager (Male) |
| 20:39 | Build | Farm |
| 20:40 | Build | Farm |
| 20:41 | Create | Villager (Male) |
| 20:47 | Build | Farm |
| 21:05 | Create | Villager (Male) |
| 21:06 | Create | Villager (Male) |
| 21:15 | Build | Farm |
| 21:19 | Create | Villager (Male) |
| 21:24 | Create | Villager (Male) |
| 21:35 | Build | Farm |
| 21:39 | Build | Farm |
| 21:54 | Create | Villager (Male) |
| 21:56 | Create | Villager (Male) |
| 22:01 | Build | Farm |
| 22:11 | Create | Villager (Male) |
| 22:15 | Create | Villager (Male) |
| 22:16 | Create | Villager (Male) |
| 22:22 | Build | Farm |
| 22:26 | Build | Lumber Camp |
| 22:31 | Create | Villager (Male) |
| 22:35 | Build | Farm |
| 22:41 | Build | Farm |
| 22:48 | Create | Villager (Male) |
| 22:49 | Create | Villager (Male) |
| 22:50 | Create | Villager (Male) |
| 22:50 | Create | Villager (Male) |
| 22:53 | Build | Farm |
| 23:09 | Build | Palisade Wall |
| 23:18 | Build | House |
| 23:21 | Create | Villager (Male) |
| 23:26 | Build | House |
| 23:28 | Build | House |
| 23:30 | Create | Villager (Male) |
| 23:41 | Build | Farm |
| 23:45 | Research | Wheelbarrow |
| 23:50 | Create | Villager (Male) |
| 23:55 | Build | Farm |
| 23:57 | Build | Farm |
| 24:25 | Build | Town Center |
| 24:27 | Create | Villager (Male) |
| 24:27 | Create | Villager (Male) |
| 24:32 | Create | Villager (Male) |
| 24:47 | Build | Palisade Wall |
| 25:14 | Build | Castle |
| 25:31 | Create | Villager (Male) |
| 25:41 | Build | House |
| 25:47 | Build | House |
| 26:02 | Create | Huskarl |
| 26:02 | Create | Huskarl |
| 26:02 | Create | Huskarl |
| 26:03 | Create | Huskarl |
| 26:15 | Create | Villager (Male) |
| 26:16 | Create | Villager (Male) |
| 26:17 | Create | Villager (Male) |
| 26:23 | Build | Farm |
| 26:24 | Build | Farm |
| 26:25 | Build | Farm |
| 26:29 | Create | Huskarl |
| 26:30 | Create | Huskarl |
| 26:42 | Create | Villager (Male) |
| 26:50 | Build | Town Center |
| 26:56 | Create | Huskarl |
| 26:57 | Create | Huskarl |
| 27:07 | Build | Farm |
| 27:08 | Build | Farm |
| 27:09 | Build | Farm |
| 27:10 | Build | Farm |
| 27:11 | Build | Farm |
| 27:14 | Create | Villager (Male) |
| 27:16 | Build | Farm |
| 27:18 | Create | Villager (Male) |
| 27:34 | Create | Villager (Male) |
Build order — Ak.c0lt
First 150 of 452 actions detected
| 0:05 | Create | Villager (Male) |
| 0:05 | Create | Villager (Male) |
| 0:06 | Create | Villager (Male) |
| 0:08 | Build | House |
| 0:35 | Create | Villager (Male) |
| 0:35 | Create | Villager (Male) |
| 1:59 | Create | Villager (Male) |
| 2:14 | Create | Villager (Male) |
| 2:36 | Research | Loom |
| 2:46 | Build | House |
| 3:03 | Create | Villager (Male) |
| 3:03 | Create | Villager (Male) |
| 3:04 | Create | Villager (Male) |
| 3:05 | Create | Villager (Male) |
| 3:34 | Create | Villager (Male) |
| 3:55 | Build | Lumber Camp |
| 4:30 | Create | Villager (Male) |
| 4:42 | Create | Villager (Male) |
| 4:58 | Create | Villager (Male) |
| 5:21 | Build | House |
| 5:28 | Build | Mill |
| 5:38 | Build | House |
| 6:36 | Create | Villager (Male) |
| 6:36 | Create | Villager (Male) |
| 6:47 | Create | Villager (Male) |
| 7:19 | Build | Mill |
| 7:39 | Create | Villager (Male) |
| 8:22 | Create | Villager (Male) |
| 8:27 | Build | Mining Camp |
| 8:47 | Create | Villager (Male) |
| 8:58 | Build | House |
| 9:00 | Build | House |
| 9:06 | Create | Villager (Male) |
| 9:29 | Build | House |
| 9:46 | Create | Villager (Male) |
| 10:06 | Create | Villager (Male) |
| 10:28 | Create | Villager (Male) |
| 10:47 | Create | Villager (Male) |
| 11:13 | Research | Feudal Age |
| 12:40 | Build | Mill |
| 13:36 | Age | Feudal Age |
| 13:37 | Create | Villager (Male) |
| 13:37 | Create | Villager (Male) |
| 13:52 | Build | Blacksmith |
| 14:03 | Build | Market |
| 14:25 | Create | Villager (Male) |
| 14:30 | Create | Villager (Male) |
| 14:31 | Create | Villager (Male) |
| 14:49 | Build | Lumber Camp |
| 15:11 | Build | Barracks |
| 15:36 | Create | Villager (Male) |
| 15:51 | Build | Archery Range |
| 16:04 | Create | Villager (Male) |
| 16:37 | Build | House |
| 16:39 | Build | House |
| 16:39 | Build | House |
| 16:41 | Build | House |
| 16:43 | Build | House |
| 16:44 | Build | House |
| 16:47 | Create | Villager (Male) |
| 17:08 | Create | Villager (Male) |
| 17:14 | Research | Gold Mining |
| 17:36 | Research | Castle Age |
| 17:50 | Research | Horse Collar |
| 18:33 | Build | Farm |
| 18:34 | Build | Farm |
| 18:35 | Build | Farm |
| 18:36 | Build | Farm |
| 18:39 | Build | Farm |
| 18:44 | Build | Farm |
| 18:49 | Build | Farm |
| 18:50 | Build | Farm |
| 18:53 | Build | Farm |
| 18:55 | Create | Villager (Male) |
| 19:29 | Build | Farm |
| 19:31 | Build | Farm |
| 19:35 | Build | Farm |
| 20:04 | Research | Gold Mining |
| 20:10 | Create | Villager (Male) |
| 20:17 | Age | Castle Age |
| 20:47 | Build | Farm |
| 21:06 | Create | Villager (Male) |
| 21:11 | Build | Farm |
| 21:21 | Create | Spearman |
| 21:32 | Create | Villager (Male) |
| 21:37 | Build | Farm |
| 21:50 | Research | Double-Bit Axe |
| 21:52 | Research | Heavy Plow |
| 22:00 | Build | Town Center |
| 22:24 | Create | Villager (Male) |
| 22:24 | Create | Villager (Male) |
| 22:34 | Build | Town Center |
| 22:38 | Create | Villager (Male) |
| 22:45 | Create | Villager (Male) |
| 22:45 | Create | Villager (Male) |
| 22:49 | Build | Farm |
| 22:58 | Create | Villager (Male) |
| 22:59 | Create | Villager (Male) |
| 23:12 | Build | Farm |
| 23:13 | Build | Farm |
| 23:14 | Build | Farm |
| 23:20 | Create | Villager (Male) |
| 23:41 | Create | Villager (Male) |
| 24:05 | Build | Town Center |
| 24:08 | Create | Villager (Male) |
| 24:20 | Create | Villager (Male) |
| 24:20 | Create | Villager (Male) |
| 24:27 | Create | Villager (Male) |
| 24:27 | Create | Villager (Male) |
| 24:27 | Create | Villager (Male) |
| 24:31 | Create | Villager (Male) |
| 24:36 | Create | Villager (Male) |
| 24:59 | Create | Villager (Male) |
| 25:03 | Build | Farm |
| 25:04 | Build | Farm |
| 25:05 | Build | Farm |
| 25:06 | Build | Farm |
| 25:18 | Build | Farm |
| 25:22 | Build | Farm |
| 25:27 | Build | Farm |
| 25:31 | Create | Villager (Male) |
| 25:31 | Create | Villager (Male) |
| 25:38 | Create | Villager (Male) |
| 25:38 | Create | Villager (Male) |
| 25:44 | Create | Villager (Male) |
| 25:44 | Create | Villager (Male) |
| 25:45 | Create | Villager (Male) |
| 25:46 | Create | Villager (Male) |
| 25:46 | Create | Villager (Male) |
| 26:00 | Build | Farm |
| 26:01 | Build | Farm |
| 26:07 | Create | Villager (Male) |
| 26:07 | Create | Villager (Male) |
| 26:14 | Create | Villager (Male) |
| 26:14 | Create | Villager (Male) |
| 26:24 | Build | Farm |
| 26:25 | Create | Villager (Male) |
| 26:25 | Create | Villager (Male) |
| 26:30 | Build | Farm |
| 26:31 | Build | Farm |
| 26:38 | Create | Villager (Male) |
| 26:38 | Create | Villager (Male) |
| 26:43 | Build | Farm |
| 26:46 | Create | Villager (Male) |
| 26:46 | Create | Villager (Male) |
| 26:51 | Create | Villager (Male) |
| 26:51 | Create | Villager (Male) |
| 26:58 | Build | Farm |
| 27:14 | Create | Villager (Male) |
| 27:17 | Build | Farm |
Build order — fabipers
First 150 of 185 actions detected
| 0:08 | Build | House |
| 0:17 | Create | Villager (Male) |
| 0:17 | Create | Villager (Male) |
| 0:18 | Create | Villager (Male) |
| 0:18 | Create | Villager (Male) |
| 1:51 | Build | Mill |
| 1:54 | Create | Villager (Male) |
| 2:05 | Build | House |
| 2:48 | Create | Villager (Male) |
| 3:15 | Create | Villager (Male) |
| 3:26 | Create | Villager (Male) |
| 3:59 | Create | Villager (Male) |
| 4:06 | Create | Villager (Male) |
| 4:28 | Create | Villager (Male) |
| 4:34 | Build | House |
| 4:53 | Create | Villager (Male) |
| 5:22 | Create | Villager (Male) |
| 5:40 | Build | Lumber Camp |
| 6:08 | Create | Villager (Male) |
| 6:35 | Create | Villager (Male) |
| 6:35 | Create | Villager (Male) |
| 6:47 | Build | House |
| 7:23 | Create | Villager (Male) |
| 7:26 | Create | Villager (Male) |
| 7:59 | Build | Mill |
| 8:16 | Create | Villager (Male) |
| 8:16 | Create | Villager (Male) |
| 9:05 | Create | Villager (Male) |
| 9:15 | Research | Loom |
| 9:49 | Build | Mining Camp |
| 10:09 | Research | Feudal Age |
| 11:08 | Build | House |
| 11:09 | Build | House |
| 11:10 | Build | House |
| 11:11 | Build | House |
| 11:34 | Build | Barracks |
| 12:16 | Build | Palisade Wall |
| 12:19 | Age | Feudal Age |
| 12:23 | Build | Palisade Wall |
| 12:40 | Build | Barracks |
| 12:42 | Create | Villager (Male) |
| 12:43 | Create | Villager (Male) |
| 13:14 | Create | Villager (Male) |
| 13:26 | Create | Villager (Male) |
| 13:26 | Create | Villager (Male) |
| 13:30 | Build | House |
| 13:43 | Create | Spearman |
| 13:43 | Create | Spearman |
| 13:43 | Create | Spearman |
| 13:50 | Build | House |
| 14:01 | Build | Farm |
| 14:02 | Build | Farm |
| 14:12 | Create | Spearman |
| 14:25 | Build | Palisade Wall |
| 14:32 | Create | Villager (Male) |
| 15:05 | Create | Villager (Male) |
| 15:21 | Create | Villager (Male) |
| 15:25 | Build | Farm |
| 15:28 | Create | Villager (Male) |
| 15:46 | Build | Watch Tower |
| 15:49 | Create | Villager (Male) |
| 16:13 | Build | Farm |
| 16:21 | Create | Villager (Male) |
| 16:39 | Build | Farm |
| 16:52 | Build | Palisade Wall |
| 17:14 | Create | Villager (Male) |
| 17:14 | Create | Villager (Male) |
| 17:19 | Build | Farm |
| 17:33 | Create | Villager (Male) |
| 17:51 | Build | Archery Range |
| 18:04 | Create | Spearman |
| 18:04 | Create | Spearman |
| 18:13 | Build | Palisade Gate |
| 18:17 | Build | Farm |
| 18:19 | Create | Villager (Male) |
| 18:41 | Build | Farm |
| 19:03 | Build | Farm |
| 19:05 | Create | Archer ×5 |
| 19:07 | Create | Archer |
| 19:08 | Create | Villager (Male) |
| 19:08 | Create | Villager (Male) |
| 19:39 | Build | Farm |
| 19:54 | Build | Market |
| 20:00 | Research | Double-Bit Axe |
| 20:19 | Create | Villager (Male) |
| 20:21 | Create | Villager (Male) |
| 20:21 | Create | Villager (Male) |
| 20:31 | Build | Blacksmith |
| 20:47 | Build | Farm |
| 20:53 | Research | Horse Collar |
| 21:21 | Create | Villager (Male) |
| 21:22 | Create | Villager (Male) |
| 21:56 | Build | House |
| 21:58 | Build | House |
| 21:59 | Build | House |
| 22:00 | Build | House |
| 22:12 | Build | Farm |
| 22:14 | Research | Castle Age |
| 22:29 | Build | Stable |
| 22:37 | Research | Padded Archer Armor |
| 23:31 | Create | Villager (Male) |
| 23:35 | Research | Scale Mail Armor |
| 23:56 | Create | Villager (Male) |
| 24:00 | Build | Mining Camp |
| 24:03 | Research | Gold Mining |
| 24:08 | Research | Fletching |
| 24:19 | Build | Barracks |
| 25:04 | Age | Castle Age |
| 25:13 | Research | Crossbowman (upgrade) |
| 25:39 | Create | Villager (Male) |
| 25:55 | Create | Villager (Male) |
| 26:11 | Research | Pikeman (upgrade) |
| 26:28 | Create | Villager (Male) |
| 26:43 | Create | Trade Cart |
| 27:00 | Build | Town Center |
| 27:10 | Research | Scale Barding Armor |
| 27:14 | Build | Farm |
| 28:10 | Create | Villager (Male) |
| 28:11 | Create | Villager (Male) |
| 28:11 | Create | Villager (Male) |
| 28:14 | Research | Elite Skirmisher (upgrade) |
| 29:03 | Create | Villager (Male) |
| 29:06 | Create | Villager (Male) |
| 29:09 | Build | Farm |
| 29:32 | Build | Farm |
| 29:32 | Research | Heavy Plow |
| 29:35 | Build | Farm |
| 29:36 | Create | Villager (Male) |
| 29:37 | Create | Villager (Male) |
| 29:39 | Create | Villager (Male) |
| 29:40 | Create | Villager (Male) |
| 29:49 | Create | Cavalry Archer ×5 |
| 29:49 | Create | Cavalry Archer ×5 |
| 29:55 | Build | Archery Range |
| 29:59 | Create | Villager (Male) |
| 30:00 | Create | Villager (Male) |
| 30:31 | Create | Villager (Male) |
| 30:32 | Create | Villager (Male) |
| 30:45 | Build | Lumber Camp |
| 30:55 | Create | Spearman |
| 30:55 | Create | Spearman |
| 30:56 | Create | Spearman |
| 30:56 | Create | Spearman |
| 30:56 | Create | Spearman |
| 31:04 | Build | Farm |
| 31:20 | Create | Trade Cart |
| 31:25 | Build | Farm |
| 31:27 | Create | Villager (Male) |
| 31:30 | Create | Villager (Male) |
| 31:31 | Create | Villager (Male) |
Build order — White
First 150 of 217 actions detected
| 0:02 | Create | Villager (Male) ×4 |
| 0:02 | Create | Villager (Male) ×4 |
| 0:05 | Build | House |
| 0:29 | Build | House |
| 1:40 | Create | Villager (Male) |
| 1:41 | Create | Villager (Male) |
| 2:25 | Create | Villager (Male) ×2 |
| 2:26 | Create | Villager (Male) ×2 |
| 2:44 | Build | Mill |
| 3:43 | Create | Villager (Male) ×2 |
| 4:15 | Build | House |
| 4:17 | Build | House |
| 4:22 | Build | House |
| 4:27 | Create | Villager (Male) |
| 4:28 | Create | Villager (Male) |
| 5:31 | Create | Villager (Male) |
| 5:33 | Create | Villager (Male) |
| 5:33 | Create | Villager (Male) |
| 5:33 | Create | Villager (Male) |
| 6:39 | Create | Villager (Male) |
| 6:39 | Create | Villager (Male) |
| 6:41 | Research | Loom |
| 8:04 | Create | Villager (Male) |
| 8:04 | Create | Villager (Male) |
| 8:04 | Create | Villager (Male) |
| 8:07 | Build | Farm |
| 8:07 | Build | Farm |
| 8:21 | Build | Lumber Camp |
| 8:25 | Create | Villager (Male) |
| 8:46 | Build | Mill |
| 9:05 | Create | Villager (Male) |
| 10:07 | Build | Dock |
| 10:16 | Build | Palisade Wall |
| 10:23 | Create | Villager (Male) |
| 10:26 | Research | Feudal Age |
| 10:26 | Research | Feudal Age |
| 10:42 | Build | House |
| 10:46 | Build | House |
| 10:54 | Build | Palisade Gate |
| 11:16 | Create | Villager (Male) |
| 11:18 | Create | Villager (Male) |
| 11:26 | Create | Fishing Ship |
| 12:18 | Build | Mining Camp |
| 12:29 | Create | Villager (Male) |
| 12:36 | Age | Feudal Age |
| 12:38 | Build | House |
| 12:40 | Build | House |
| 12:43 | Build | House |
| 12:49 | Build | Palisade Gate |
| 12:54 | Build | House |
| 12:56 | Build | House |
| 13:02 | Create | Villager (Male) |
| 13:08 | Research | Double-Bit Axe |
| 13:21 | Create | Fishing Ship |
| 14:04 | Create | Villager (Male) |
| 14:45 | Build | Farm |
| 14:48 | Create | Villager (Male) |
| 15:05 | Create | Villager (Male) |
| 15:11 | Create | Fishing Ship |
| 15:13 | Create | Demolition Raft |
| 15:19 | Create | Fishing Ship |
| 15:28 | Research | Tech 906 |
| 15:38 | Create | Villager (Male) |
| 15:43 | Build | Farm |
| 15:44 | Build | Farm |
| 16:03 | Build | Mining Camp |
| 16:10 | Create | Villager (Male) |
| 16:27 | Build | Farm |
| 16:27 | Build | Farm |
| 16:27 | Build | Farm |
| 16:34 | Build | Farm |
| 16:37 | Create | Villager (Male) |
| 17:19 | Build | Mill |
| 17:20 | Build | Farm |
| 17:21 | Build | Farm |
| 17:21 | Build | Farm |
| 17:22 | Build | Farm |
| 17:23 | Build | Farm |
| 17:24 | Build | Farm |
| 17:38 | Create | Villager (Male) |
| 18:12 | Build | Farm |
| 18:27 | Build | Farm |
| 18:45 | Create | Villager (Male) |
| 18:45 | Create | Villager (Male) |
| 19:02 | Build | Market |
| 19:51 | Build | Blacksmith |
| 20:54 | Build | Barracks |
| 21:01 | Research | Horse Collar |
| 21:03 | Research | Castle Age |
| 21:06 | Create | Villager (Male) |
| 21:48 | Build | Gate |
| 22:10 | Build | Stone Wall |
| 22:23 | Create | Villager (Male) |
| 22:57 | Create | Fishing Ship |
| 23:43 | Age | Castle Age |
| 23:48 | Research | Town Watch |
| 24:05 | Build | Town Center |
| 24:16 | Research | Bow Saw |
| 24:23 | Build | Lumber Camp |
| 24:28 | Create | Villager (Male) |
| 24:59 | Build | Stone Wall |
| 25:06 | Research | Heavy Plow |
| 25:10 | Create | Villager (Male) ×5 |
| 25:37 | Build | Farm |
| 25:48 | Create | Villager (Male) |
| 26:50 | Create | Villager (Male) ×5 |
| 27:20 | Build | Lumber Camp |
| 27:48 | Build | Castle |
| 28:05 | Create | Villager (Male) ×5 |
| 28:08 | Create | Villager (Male) |
| 28:08 | Create | Villager (Male) |
| 28:08 | Create | Villager (Male) |
| 28:09 | Create | Villager (Male) |
| 28:09 | Create | Villager (Male) |
| 28:45 | Build | Gate |
| 28:58 | Build | Stone Wall |
| 29:01 | Build | Stone Wall |
| 29:02 | Build | Stone Wall |
| 29:11 | Build | Gate |
| 29:16 | Build | Stone Wall |
| 29:16 | Build | Stone Wall |
| 29:17 | Build | Stone Wall |
| 29:40 | Research | Imperial Age |
| 29:41 | Research | Wheelbarrow |
| 29:57 | Create | Mangudai ×4 |
| 29:57 | Create | Mangudai ×4 |
| 29:58 | Create | Mangudai |
| 29:58 | Create | Mangudai |
| 30:21 | Research | Stone Mining |
| 30:33 | Create | Villager (Male) ×5 |
| 30:42 | Build | Farm |
| 31:03 | Create | Mangudai |
| 31:21 | Build | Farm |
| 31:22 | Build | Farm |
| 31:22 | Build | Farm |
| 31:23 | Build | Farm |
| 32:00 | Build | Gate |
| 32:08 | Build | Stone Wall |
| 32:14 | Build | Outpost |
| 32:22 | Create | Mangudai ×2 |
| 32:38 | Build | University |
| 33:20 | Age | Imperial Age |
| 33:28 | Create | Trebuchet (Packed) ×2 |
| 33:46 | Build | House |
| 33:47 | Build | House |
| 33:49 | Build | House |
| 33:50 | Build | House |
| 33:57 | Build | Farm |
| 33:58 | Build | Farm |
| 34:07 | Create | Villager (Male) ×5 |
Match timeline
| 7:43 | wqq1997 · wall_segment Palisade Wall x11 |
| 7:47 | wqq1997 · wall_segment Palisade Wall x9 |
| 7:57 | wqq1997 · wall_segment Palisade Wall x19 |
| 7:59 | wqq1997 · wall_segment Palisade Wall x1 |
| 8:16 | wqq1997 · wall_segment Palisade Wall x17 |
| 8:32 | The Outpost Man · first_building Dock |
| 8:44 | wqq1997 · wall_segment Palisade Wall x7 |
| 9:18 | wqq1997 · wall_segment Palisade Wall x18 |
| 9:23 | wqq1997 · wall_segment Palisade Wall x8 |
| 10:07 | White · first_building Dock |
| 10:16 | White · wall_segment Palisade Wall x9 |
| 10:25 | Sherpder · first_building Dock |
| 11:34 | fabipers · first_building Barracks |
| 12:16 | fabipers · wall_segment Palisade Wall x1 |
| 12:19 | fabipers · age_up feudal |
| 12:20 | wqq1997 · age_up feudal |
| 12:23 | fabipers · wall_segment Palisade Wall x1 |
| 12:28 | Sherpder · age_up feudal |
| 12:35 | Anipazronkin · age_up feudal |
| 12:36 | The Outpost Man · first_building Barracks |
| 12:36 | White · age_up feudal |
| 12:42 | Sherpder · first_building Barracks |
| 13:36 | Ak.c0lt · age_up feudal |
| 14:05 | wqq1997 · wall_segment Palisade Wall x1 |
| 14:14 | wqq1997 · wall_segment Stone Wall x6 |
| 14:24 | wqq1997 · wall_segment Stone Wall x9 |
| 14:25 | fabipers · wall_segment Palisade Wall x12 |
| 14:25 | wqq1997 · wall_segment Stone Wall x7 |
| 14:32 | wqq1997 · wall_segment Stone Wall x6 |
| 14:39 | The Outpost Man · age_up feudal |
| 15:11 | Ak.c0lt · first_building Barracks |
| 15:29 | szczuply23 · age_up feudal |
| 15:50 | The Outpost Man · first_market_buy 100 food |
| 15:51 | Ak.c0lt · first_building Archery Range |
| 16:00 | Anipazronkin · first_building Barracks |
| 16:16 | Sherpder · wall_segment Palisade Wall x6 |
| 16:45 | wqq1997 · wall_segment Stone Wall x12 |
| 16:52 | fabipers · wall_segment Palisade Wall x12 |
| 17:03 | Ak.c0lt · first_market_buy 100 food |
| 17:05 | wqq1997 · wall_segment Stone Wall x21 |
| 17:48 | wqq1997 · wall_segment Stone Wall x9 |
| 17:51 | fabipers · first_building Archery Range |
| 18:06 | Sherpder · wall_segment Palisade Wall x6 |
| 18:24 | Sherpder · wall_segment Palisade Wall x3 |
| 18:32 | Sherpder · wall_segment Palisade Wall x6 |
| 18:35 | Sherpder · wall_segment Palisade Wall x3 |
| 18:59 | Sherpder · wall_segment Palisade Wall x1 |
| 19:26 | Sherpder · age_up castle |
| 19:26 | The Outpost Man · age_up castle |
| 20:17 | Ak.c0lt · age_up castle |
| 20:54 | White · first_building Barracks |
| 21:35 | fabipers · first_market_buy 100 food |
| 21:48 | wqq1997 · wall_segment Stone Wall x10 |
| 21:51 | The Outpost Man · first_building Castle |
| 22:10 | White · wall_segment Stone Wall x10 |
| 22:16 | The Outpost Man · wall_segment Stone Wall x14 |
| 22:28 | szczuply23 · first_building Barracks |
| 22:29 | fabipers · first_building Stable |
| 22:45 | szczuply23 · age_up castle |
| 23:09 | Sherpder · wall_segment Palisade Wall x15 |
| 23:19 | wqq1997 · age_up castle |
| 23:43 | White · age_up castle |
| 23:48 | The Outpost Man · wall_segment Stone Wall x13 |
| 24:06 | wqq1997 · wall_segment Stone Wall x16 |
| 24:17 | Sherpder · first_market_buy 100 wood |
| 24:28 | szczuply23 · first_building Siege Workshop |
| 24:47 | Sherpder · wall_segment Palisade Wall x7 |
| 24:59 | White · wall_segment Stone Wall x10 |
| 25:04 | fabipers · age_up castle |
| 25:14 | Sherpder · first_building Castle |
| 26:09 | szczuply23 · first_building Castle |
| 26:14 | wqq1997 · first_building Monastery |
| 26:16 | White · first_market_buy 100 stone |
| 26:31 | Anipazronkin · age_up castle |
| 26:35 | wqq1997 · first_building Castle |
| 26:56 | White · first_market_sell 500 food |
| 27:13 | szczuply23 · first_market_buy 100 wood |
| 27:16 | szczuply23 · first_market_sell 100 food |
| 27:48 | White · first_building Castle |
| 28:58 | White · wall_segment Stone Wall x1 |
| 29:01 | White · wall_segment Stone Wall x1 |
| 29:02 | White · wall_segment Stone Wall x1 |
| 29:16 | White · wall_segment Stone Wall x1 |
| 29:16 | White · wall_segment Stone Wall x1 |
| 29:17 | White · wall_segment Stone Wall x1 |
| 30:12 | wqq1997 · first_building Barracks |
| 30:13 | Sherpder · first_market_sell 100 stone |
| 30:15 | wqq1997 · age_up imperial |
| 31:11 | wqq1997 · first_building Stable |
| 31:15 | The Outpost Man · first_building Stable |
| 31:21 | Sherpder · age_up imperial |
| 31:45 | Ak.c0lt · first_building Siege Workshop |
| 31:49 | wqq1997 · wall_segment Stone Wall x9 |
| 31:53 | wqq1997 · wall_segment Stone Wall x13 |
| 31:57 | wqq1997 · wall_segment Stone Wall x7 |
| 32:08 | White · wall_segment Stone Wall x10 |
| 32:27 | Anipazronkin · first_building Castle |
| 33:20 | White · age_up imperial |
| 33:27 | Ak.c0lt · first_building Stable |
| 33:28 | The Outpost Man · first_building Monastery |
| 33:52 | The Outpost Man · age_up imperial |
| 35:51 | fabipers · resign |
| 38:00 | Ak.c0lt · age_up imperial |
| 38:26 | szczuply23 · age_up imperial |
| 39:11 | Anipazronkin · age_up imperial |
| 39:45 | Ak.c0lt · first_market_sell 500 wood |
| 40:21 | White · first_building Archery Range |
| 41:27 | wqq1997 · first_market_sell 500 wood |
| 42:12 | wqq1997 · first_market_buy 100 wood |
| 43:20 | Anipazronkin · first_market_sell 500 food |
| 43:22 | Anipazronkin · first_market_buy 500 stone |
| 45:12 | White · wall_segment Stone Wall x1 |
| 45:12 | White · wall_segment Stone Wall x1 |
| 47:07 | Ak.c0lt · first_building Dock |
[ AI ANALYSIS · 1 CREDIT ]
What really happened in this match?
Wolo.gg analyzes every decision: build order, eco, micro, common mistakes by bracket. Personalized analysis on WhatsApp or Discord in 30 seconds.
Civ guide
Spanish
Perfil
Jugador #25031547